 Dungeon Crawl Stone Soup version 0.19.0-17-g07987d3 (webtiles) character file.

4701 Coron the Protected (level 10, -1/91 HPs)
             Began as a Deep Dwarf Abyssal Knight on Nov 11, 2016.
             Was a High Priest of Lugonu.
             Slain by a cyan ugly thing (2 damage)
             ... on level 9 of the Dungeon.
             The game lasted 00:41:39 (6718 turns).

Coron the Protected (Deep Dwarf Abyssal Knight)     Turns: 6718, Time: 00:41:40

Health: -1/91      AC: 21    Str: 19      XL:     10   Next: 21%
Magic:  10/10      EV:  7    Int: 10 (13) God:    Lugonu [*****.]
Gold:   101        SH:  0    Dex: 11 (12) Spells: 0 memorised, 12 levels left

rFire  . . .     SeeInvis .     L - +4 battleaxe
rCold  . . .     Gourm    .     o - +0 plate armour
rNeg   . . .     Faith    .     (shield currently unavailable)
rPois  .         Spirit   .     (helmet restricted)
rElec  .         Reflect  .     (no cloak)
rCorr  .         Harm     .     p - +2 pair of gloves
MR     +....                    O - +2 pair of boots
Stlth  ..........               (no amulet)
                                (no ring)
                                (no ring)

@: non-regenerating, drained
A: damage resistance, recharge devices, antennae 1, mutation resistance 1, sense
surroundings 2, slow regeneration 3, MP-powered wands
a: Device Recharging, Depart the Abyss, Bend Space, Banish, Corrupt, Enter the
Abyss, Renounce Religion


You were on level 9 of the Dungeon.
You worshipped Lugonu.
Lugonu was extremely pleased with you.
You were not hungry.

You visited 1 branch of the dungeon, and saw 9 of its levels.
You visited the Abyss 1 time.

You collected 504 gold pieces.
You spent 403 gold pieces at shops.

Inventory:

Hand Weapons
 a - a +1 hand axe
 D - a +0 broad axe
 K - a +3 war axe
 L - a +4 battleaxe (weapon)
 M - a +4 hand axe of freezing
Missiles
 g - 23 tomahawks
 y - 8 javelins
 H - 4 steel tomahawks (quivered)
Armour
 b - a +0 leather armour
 e - a +1 ring mail
 l - a +0 chain mail
 m - a +0 scale mail
 o - a +0 plate armour (worn)
 p - a +2 pair of gloves (worn)
 q - a +0 ring mail
 O - a +2 pair of boots (worn)
Jewellery
 j - an uncursed ring of ice
Wands
 c - a wand of heal wounds (3/9)
 I - a wand of polymorph (16/24)
Scrolls
 k - 5 scrolls of identify
 r - a scroll of magic mapping
 s - a scroll of fear {unknown}
 t - 2 scrolls of fog
 w - a scroll of remove curse
 z - 5 scrolls of teleportation
 A - a scroll of immolation {unknown}
Potions
 f - a potion of curing
 v - a potion of degeneration
 C - a potion of agility
 E - a potion of ambrosia {unknown}
 F - a potion of magic {unknown}
 G - a potion of lignification {unknown}
 J - a potion of haste
Books
 n - a book of Maledictions

   Spells                             Type                      Level
   a - Corona                         Hexes                        1
   b - Ensorcelled Hibernation        Hexes/Ice                    2
   c - Confuse                        Hexes                        3
   d - Tukima's Dance                 Hexes                        3
   e - Dazzling Spray                 Conjuration/Hexes            3
 u - a Young Poisoner's Handbook

   Spells                             Type                      Level
   a - Sting                          Conjuration/Poison           1
   b - Mephitic Cloud                 Conjuration/Poison/Air       3
   c - Olgreb's Toxic Radiance        Poison                       4
   d - Alistair's Intoxication        Transmutation/Poison         5
   e - Venom Bolt                     Conjuration/Poison           5
Comestibles
 d - 7 bread rations
 h - a beef jerky
 i - 3 meat rations
 x - a slice of pizza
 B - 8 fruits
 N - 7 chunks of flesh


   Skills:
 - Level 6.1(5.8) Fighting
 - Level 6.4(6.1) Axes
 + Level 11.2(10.8) Armour
 - Level 1.2(0.9) Dodging
 - Level 1.8(1.5) Unarmed Combat
 - Level 1.6(1.3) Spellcasting
 - Level 6.2(5.8) Invocations
 - Level 6.0(5.6) Evocations


You had 12 spell levels left.
You didn't know any spells.

Dungeon Overview and Level Annotations

Branches:
Dungeon (9/15)             Temple (0/1) D:7
   Lair: D:8-11         Orc: D:9-12

Altars:
Makhleb

Shops:
D:5 !   D:9 [


Innate Abilities, Weirdness & Mutations

You are resistant to damage.
You can recharge devices by infusing magical energy.
You passively map the area around you.
You do not regenerate.
You have a pair of small antennae on your head.
You are somewhat resistant to further mutation.
You expend magic power (3 MP) to strengthen your wands.


Message History

You slash the cyan ugly thing!
The cyan ugly thing is moderately wounded.
The cyan ugly thing trunk-slaps you but does no damage. x2
You barely miss the cyan ugly thing.
The cyan ugly thing is moderately wounded.
The cyan ugly thing trunk-slaps you. The cyan ugly thing shocks you!
* * * LOW HITPOINT WARNING * * *
You slash the cyan ugly thing!
The cyan ugly thing is moderately wounded.
The cyan ugly thing trunk-slaps you.
* * * LOW HITPOINT WARNING * * *
The cyan ugly thing shocks you!
* * * LOW HITPOINT WARNING * * *
The cyan ugly thing closely misses you.
You fail to use your ability.
The cyan ugly thing trunk-slaps you but does no damage.
Charge which item? (? for menu, Esc to quit)
Your wand of heal wounds (0/9) glows for a moment and now has 3 charges.
The cyan ugly thing trunk-slaps you.
You die...

#............. , ,, ,
#..................., ,,
#....(∩............#*** * *
#.#.................., , , ,
#....<.............. , ,,
#####.#############..# *
......# #..######## *
.#...##############..........
,,
................@u...........,
,
.............................
,,
..................###########
..................# *
.........)........#
..................#
..................# * *
..................# ,
################### *


You could see a cyan ugly thing.

Vanquished Creatures
  Erica (D:8)
  Pikel (D:7)
  2 hippogriffs (D:7)
  Sigmund (D:3)
  A wyvern (D:9)
  Menkaure (D:7)
  2 ice beasts
  A sky beast (D:6)
  2 slaves (D:7)
  8 ogres
  An orc warrior (D:7)
  A centaur (D:5)
  4 bullfrogs
  2 scorpions (D:6)
  5 wights (D:8)
  4 crimson imps
  2 quasits
  5 hounds
  2 bullfrog skeletons
  2 jellies
  An orc priest (D:5)
  2 iguanas
  6 orc wizards
  6 worker ants
  3 gnolls (D:4)
  6 adders
  2 shadow imps
  An ooze (D:3)
  2 adder skeletons
  2 worms
  A dart slug (D:2)
  10 leopard geckos
  36 orcs
  5 giant cockroaches
  15 goblins
  25 hobgoblins
  15 jackals
  A quokka (D:5)
  8 bats
  11 frilled lizards
  A jackal skeleton (D:9)
  A jackal zombie (D:5)
  14 kobolds
  6 rats
  2 fungi (D:2)
230 creatures vanquished.

Notes
Turn   | Place    | Note
-------+----------+-------------------------------------------
     0 | Abyss:1  | Coron the Deep Dwarf Abyssal Knight began the quest for the Orb.
     0 | Abyss:1  | Reached XP level 1. HP: 20/20 MP: 2/2
    42 | Abyss:2  | Noticed a sun demon
    43 | D:1      | Escaped the Abyss
    90 | D:1      | Reached * piety under Lugonu
   182 | D:1      | Reached XP level 2. HP: 27/27 MP: 3/3
   811 | D:2      | Reached XP level 3. HP: 21/34 MP: 4/4
   926 | D:2      | Reached skill level 3 in Armour
   937 | D:2      | Reached ** piety under Lugonu
  1441 | D:3      | Noticed an ogre
  1560 | D:3      | Killed an ogre
  1560 | D:3      | Reached skill level 5 in Armour
  1560 | D:3      | Reached XP level 4. HP: 42/42 MP: 5/5
  1560 | D:3      | Reached XP level 5. HP: 49/49 MP: 6/6
  1700 | D:3      | Noticed Sigmund
  1723 | D:3      | Killed Sigmund
  1723 | D:3      | Reached skill level 6 in Armour
  1723 | D:3      | Reached skill level 1 in Evocations
  1723 | D:3      | Reached XP level 6. HP: 49/56 MP: 7/7
  2084 | D:3      | Reached *** piety under Lugonu
  2157 | D:3      | Reached skill level 7 in Armour
  2538 | D:4      | Reached skill level 8 in Armour
  2538 | D:4      | Reached XP level 7. HP: 20/62 MP: 8/8
  2665 | D:4      | Found a burning altar of Makhleb.
  2881 | D:4      | Reached **** piety under Lugonu
  3066 | D:4      | Reached skill level 9 in Armour
  3301 | D:5      | Entered Level 5 of the Dungeon
  3354 | D:5      | Found Qiotuyfenix's Distillery.
  3361 | D:5      | Bought a potion of curing for 45 gold pieces
  3361 | D:5      | Bought 2 potions of mutation for 75 gold pieces
  3361 | D:5      | Gained mutation: You expend magic power (3 MP) to strengthen your wands. [potion of mutation]
  3361 | D:5      | Gained mutation: You have a pair of small antennae on your head. [potion of mutation]
  3361 | D:5      | Gained mutation: You are somewhat resistant to further mutation. [potion of mutation]
  3908 | D:5      | Reached XP level 8. HP: 41/69 MP: 8/8
  3945 | D:5      | Reached skill level 5 in Axes
  4243 | D:5      | HP: 1/69 [poisoned by an orc wizard]
  4957 | D:6      | Reached ***** piety under Lugonu
  5383 | D:7      | Reached skill level 5 in Fighting
  5472 | D:7      | Noticed a hippogriff
  5487 | D:7      | Reached skill level 5 in Evocations
  5490 | D:7      | Killed a hippogriff
  5490 | D:7      | Gained mutation: You passively map the area around you. [Deep Dwarf growth]
  5490 | D:7      | Reached XP level 9. HP: 30/81 MP: 9/11
  5521 | D:7      | Noticed Pikel
  5649 | D:7      | Killed Pikel
  5649 | D:7      | Reached skill level 1 in Unarmed Combat
  5649 | D:7      | Reached skill level 1 in Spellcasting
  5649 | D:7      | Reached skill level 5 in Invocations
  5708 | D:7      | Noticed Menkaure
  5717 | D:7      | Killed Menkaure
  5727 | D:7      | Found a staircase to the Ecumenical Temple.
  5994 | D:8      | Noticed Erica
  6012 | D:8      | Killed Erica
  6012 | D:8      | Reached skill level 10 in Armour
  6012 | D:8      | Reached XP level 10. HP: 41/91 MP: 7/11
  6569 | D:8      | Reached skill level 11 in Armour
  6584 | D:9      | Found Jeivathro's Antique Armour Emporium.
  6588 | D:9      | Bought a pair of embroidered boots for 283 gold pieces
  6705 | D:9      | Noticed a cyan ugly thing
  6716 | D:9      | HP: 1/91 [cyan ugly thing (14)]
  6718 | D:9      | Slain by a cyan ugly thing

Skill      XL: |  1  2  3  4  5  6  7  8  9 10 |
---------------+-------------------------------+-----
Fighting       | 3 5 6 |  6.1
Armour         | 5 6 8 9 10 11 | 11.2
Axes           | 3 4 6 |  6.4
Evocations     | 1 2 5 6 |  6.0
Invocations    | 4 6 |  6.2
Unarmed Combat | 1 |  1.8
Spellcasting   | 1 |  1.6
Dodging        | |  1.2

Action                   |  1- 3 |  4- 6 |  7- 9 | 10-12 || total
-------------------------+-------+-------+-------+-------++-------
Melee: Hand axe          |   180 |   197 |   141 |       ||   518
       Broad axe         |       |       |   431 |    48 ||   479
       Punch             |       |       |     1 |     1 ||     2
       Battleaxe         |       |       |       |    33 ||    33
       War axe           |       |       |       |    18 ||    18
Throw: Tomahawk          |       |     2 |    18 |     3 ||    23
Invok: Depart the Abyss  |     1 |       |       |       ||     1
       Bend Space        |       |       |     2 |       ||     2
 Abil: Device Recharging |       |       |     3 |     1 ||     4
Evoke: Wand              |     3 |     1 |    13 |     1 ||    18
  Use: Scroll            |     4 |     5 |     5 |     3 ||    17
       Potion            |     2 |     2 |    10 |     1 ||    15
 Stab: Invisible         |       |       |     1 |       ||     1
  Eat: Chunk             |     2 |     4 |    13 |     3 ||    22
Armor: Ring mail         |    63 |    65 |       |       ||   128
       Chain mail        |       |       |   154 |       ||   154
       Plate armour      |       |       |   359 |   104 ||   463
Dodge: Dodged            |    89 |   113 |   251 |    41 ||   494
